 Dungeon Crawl Stone Soup version 0.30-a0-830-gfe289a77b0 (webtiles) character file.

Game seed: 12269866512320713582

17 Nacht the Digger (level 2, -3/28 HPs)
             Began as a Demonspawn Earth Elementalist on Feb 28, 2023.
             Slain by a goblin
             ... wielding a +0 dagger
             ... led by Robin
              (5 damage)
             ... on level 2 of the Dungeon.
             The game lasted 00:00:55 (699 turns).

Nacht the Digger (Demonspawn Earth Elementalist)     Turns: 699, Time: 00:00:56

Health: -3/28      AC: 21    Str:  8    XL:     2   Next: 44%
Magic:  4/5        EV:  2    Int: 16    God:
Gold:   0          SH:  0    Dex: 13    Spells: 4/5 levels left

rFire   . . .      SeeInvis .    (no weapon)
rCold   . . .      Faith    .    (no shield)
rNeg    . . .      Spirit   .    (body armour currently unavailable)
rPois   +          Reflect  .    (helmet currently unavailable)
rElec   .          Harm     .    (cloak currently unavailable)
rCorr   .          Rampage  .    (gloves currently unavailable)
Will    .....      NoTele   +    (boots currently unavailable)
Stlth   ++                       (no amulet)
HPRegen 0.24/turn                h - ring of poison resistance
MPRegen 0.18/turn                (no ring)

@: brilliant, tree-form
A: stationary, stasis, torment immunity, boosted hp, magic regeneration
a: no special abilities


You were on level 2 of the Dungeon.
You were a tree.
You visited 1 branch of the dungeon, and saw 2 of its levels.

Inventory:

Armour
 a - a +0 robe (melded)
Jewellery
 h - a ring of poison resistance (left branch)
Scrolls
 c - a scroll of identify
 j - a scroll of amnesia
Potions
 b - a potion of magic
 f - a potion of lignification


   Skills:
 - Level 1.7 Dodging
 - Level 1.7 Stealth
 - Level 2.0 Spellcasting
 - Level 0.8 Transmutations
 + Level 3.5 Earth Magic


You had 4 spell levels left.
You knew the following spells:

 Your Spells              Type           Power      Damage    Failure   Level
a - Sandblast             Erth           38%        2d10      4%          1

Your spell library contained the following spells:

 Spells                   Type           Power      Damage    Failure   Level
 Passwall                 Tmut/Erth      10%        N/A       13%         2
 Stone Arrow              Conj/Erth      20%        3d8       30%         3
 Petrify                  Tmut/Erth      12%        N/A       63%         4


Dungeon Overview and Level Annotations

Branches:
Dungeon (2/15)

Altars:

Annotations:
D:2 Robin


Innate Abilities, Weirdness & Mutations

You are a tree.
Your roots penetrate the ground, keeping you stationary.
You cannot be teleported.
You are immune to unholy pain and torment.
Your maximum health is greatly increased.
Your equipment is partially melded.
You regenerate magic rapidly.


Message History

Okay, then.
It was a potion of lignification.
You turn into a tree.
Your +0 robe melds into your body.
Your roots penetrate the ground.
The adder bites you but does no damage.
The goblin unwields a +0 sling.
The goblin wields a +0 club.
The goblin hits you but does no damage. x4
The goblin barely misses you. The goblin hits you but does no damage.
The goblin barely misses you.
It was a potion of flight.
Your roots keep you in place.
The adder bites you but does no damage. The goblin hits you but does no damage.
The adder bites you but does no damage.
The goblin hits you but does no damage. x6
It was a potion of brilliance.
You feel clever all of a sudden. The goblin completely misses you.
The adder bites you but does no damage.
Robin roars a battlecry!
The goblins go into a battle-frenzy!
The goblin hits you but does no damage. x6
It was a potion of curing.
You feel better. The adder bites you but does no damage.
The goblin hits you but does no damage. x5
A goblin comes into view. It is wielding a +0 club.
The goblin hits you with a +0 dagger. The goblin hits you but does no damage.
You smack the goblin!
You kill the goblin!
The adder bites you but does no damage. The goblin hits you with a +0 club.
* * * LOW HITPOINT WARNING * * *
The adder bites you but does no damage. The goblin hits you but does no damage.
The goblin barely misses you.
The goblin hits you but does no damage. x3
Robin hits you but does no damage.
You hit the goblin.
You kill the goblin!
The goblin barely misses you. The adder bites you but does no damage.
A goblin comes into view. It is wielding a +0 dagger.
The goblin hits you but does no damage. x2; The goblin hits you with a +0 club.
* * * LOW HITPOINT WARNING * * *
Robin throws the goblin at you!
* * * LOW HITPOINT WARNING * * *
The goblin hits you but does no damage.
You barely miss the adder. The bat hits you but does no damage.
The adder bites you but does no damage. The goblin hits you but does no damage.
The goblin barely misses you. The goblin hits you with a +0 dagger.
You die...

.# . .. .# .#
....######.#..##
....+......#.g.
....#......g.#
........b...#
#...gr†g.#
#...g♣S..#
#...ggg..##
#....w......#
#..#...#.####
#..#####.# #..#
# #..# #.#
#+####..# #.#
.........#.#.#


You could see a worm, Robin, an adder, 7 goblins, a bat and a rat.

Vanquished Creatures
  3 endoplasms
  A giant cockroach (D:1)
  3 goblins (D:2)
  4 hobgoblins
  A frilled lizard (D:2)
  2 kobolds
14 creatures vanquished.

Notes
Turn   | Place    | Note
-------+----------+-------------------------------------------
     0 | D:1      | Nacht the Demonspawn Earth Elementalist began the quest for
                  | the Orb.
     0 | D:1      | Reached XP level 1. HP: 13/13 MP: 3/3
   199 | D:1      | Reached skill level 3 in Earth Magic
   495 | D:2      | Gained mutation: You regenerate magic rapidly. [demonic
                  | ancestry]
   495 | D:2      | Reached XP level 2. HP: 19/19 MP: 1/5
   687 | D:2      | Noticed Robin
   699 | D:2      | Slain by a goblin

Illustrated notes

Levels and vault maps discovered:
D:1:      amcnicky_arrival_blooded_trapdoor, layout_basic
D:2:      layout_basic, serial_shops, shop_statue,
          hellmonk_ecumenical_altar_inner_sanctum, minmay_distorted, uniq_robin

Skill      XL: |  1 |
---------------+----+-----
Earth Magic    | 3 |  3.5
Dodging        | |  1.7
Stealth        | |  1.7
Spellcasting   | |  2.0
Transmutations | |  0.8

Action                     || total
---------------------------++-------
  Melee: Unarmed           ||     9
   Cast: Sandblast         ||    19
    Use: Potion            ||     4
         Scroll            ||     2
 Armour: Robe              ||     9
         Skin              ||    43
  Dodge: Dodged            ||    24

Table legend: (Time is in decaauts)
 A = Elapsed time spent in this place.
 B = Non-inter-level travel time spent in this place.
 C = Inter-level travel time spent in this place.
 D = Time resting spent in this place.
 E = Time spent auto-exploring this place.
 F = Levels seen in this place.
 G = Mean time per level.
                   A        B        C        D        E       F      G
               +--------+--------+--------+--------+--------+-----+--------+
         Total |    707 |    707 |      0 |      0 |    607 |   2 |  353.5 |
       Dungeon |    707 |    707 |      0 |      0 |    607 |   2 |  353.5 |
               +--------+--------+--------+--------+--------+-----+--------+

Top non-repeatable levels by time:
     D:1: 487 daAuts
     D:2: 220 daAuts
